 Dungeon Crawl Stone Soup version 0.28.0-1-gb440e238dd (webtiles) character file.

Game seed: 12856175212291575130

134 zeram the Sneak (level 5, -3/31 HPs)
             Began as an Octopode Enchanter on Feb 25, 2022.
             Slain by Sigmund (7 damage)
             ... on level 2 of the Dungeon.
             The game lasted 00:02:55 (1669 turns).

zeram the Sneak (Octopode Enchanter)                Turns: 1669, Time: 00:02:56

Health: -3/31      AC:  1    Str:  7    XL:     5   Next: 17%
Magic:  4/8        EV: 13    Int: 19    God:
Gold:   84         SH:  0    Dex: 13    Spells: 3/8 levels left

rFire   . . .      SeeInvis .   a - +1 dagger
rCold   . . .      Faith    .   (no shield)
rNeg    . . .      Spirit   .   (helmet restricted)
rPois   .          Reflect  .   (no amulet)
rElec   .          Harm     .   (no ring)
rCorr   .          Rampage  .   (no ring)
Will    .....                   (no ring)
Stlth   ++++......              (no ring)
HPRegen 0.10/turn               (no ring)
MPRegen 0.11/turn               (no ring)
                                (no ring)
                                (no ring)

@: very slightly contaminated
A: almost no armour, amphibious, 8 rings, camouflage 1, gelatinous body 1,
(nimble swimmer 1), tentacles
a: no special abilities


You were on level 2 of the Dungeon.
You visited 1 branch of the dungeon, and saw 2 of its levels.

You collected 84 gold pieces.

Inventory:

Hand Weapons
 a - a +1 dagger (weapon)
Potions
 b - a potion of degeneration {unknown}
 c - a potion of attraction {unknown}
 d - a potion of curing {unknown}
 e - a potion of might {unknown}


   Skills:
 + Level 2.2 Short Blades
 + Level 2.5 Dodging
 + Level 6.4 Stealth
 + Level 2.1 Spellcasting
 + Level 3.4 Hexes


You had 3 spell levels left.
You knew the following spells:

 Your Spells              Type           Power      Damage    Failure   Level
a - Ensorcelled Hibernat  Hex/Ice        16%        N/A       12%         2
b - Tukima's Dance        Hex            15%        N/A       12%         3

Your spell library contained the following spells:

 Spells                   Type           Power      Damage    Failure   Level
 Confusing Touch          Hex            15%        N/A       12%         3
 Dazzling Flash           Conj/Hex       16%        N/A       24%         3
 Summon Guardian Golem    Hex/Summ       8%         N/A       24%         3
 Corpse Rot               Necr/Air       4%         N/A       26%         2
 Poisonous Vapours        Pois/Air       4%         N/A       26%         2
 Haunt                    Necr/Summ      1%         N/A       100%        7
 Monstrous Menagerie      Summ           1%         N/A       100%        7


Dungeon Overview and Level Annotations

Branches:
Dungeon (2/15)

Altars:

Annotations:
D:2 Sigmund


Innate Abilities, Weirdness & Mutations

You cannot wear most types of armour.
You are amphibious.
You can wear up to eight rings at the same time.
Your skin changes colour to match your surroundings (Stealth+).
Your rubbery body absorbs attacks. (AC +1, EV +1)
((You are camouflaged when in or above water. (Stealth+)))
You have tentacles for arms and can constrict up to eight enemies at once.


Message History

There is a fountain of clear blue water here.
There is a fountain of clear blue water here.
e - a fizzy emerald potion Unknown command.
You see here a +0 dagger.
Found a stone staircase leading down.
There is a fountain of clear blue water here.
There is an open door here.
There is a stone staircase leading down here.
There is an open door here.
As you open the door, it creaks loudly!
Sigmund the Dreaded comes into view.
He is wielding a +0 vorpal scythe.
Sigmund shouts!
Sigmund drinks a potion.
Sigmund seems to speed up.
Sigmund is nearby!
Sigmund is nearby!
Casting: Ensorcelled Hibernation (safe; 12% risk of failure)
Confirm with . or Enter, or press ? or * to list all spells.
Aiming: Ensorcelled Hibernation (safe; 12% risk of failure)
Press: ? - help, Shift-Dir - straight line, f - Sigmund
Aim: Sigmund, wielding a +0 vorpal scythe and wearing a +0 robe (fast, chance to affect: 50%)
You miscast Ensorcelled Hibernation.
You are very lightly contaminated with residual magic.
Nothing appears to happen.
Sigmund closely misses you.
Casting: Ensorcelled Hibernation (safe; 12% risk of failure)
Confirm with . or Enter, or press ? or * to list all spells.
Aiming: Ensorcelled Hibernation (safe; 12% risk of failure)
Press: ? - help, Shift-Dir - straight line, f/p - Sigmund
Aim: Sigmund, wielding a +0 vorpal scythe and wearing a +0 robe (fast, chance to affect: 50%) Sigmund looks drowsy...
Found a stone staircase leading down.
Sigmund hits you with a +0 vorpal scythe!
A bat comes into view.
There is an open door, spattered with blood here.
You closely miss Sigmund. You grab Sigmund. You constrict Sigmund.
Sigmund hits you with a +0 vorpal scythe!
* * * LOW HITPOINT WARNING * * *
x2 You release your grip on Sigmund.
Sigmund hits you from afar with a +0 vorpal scythe!
You die...

# ##......### #
##.........## ##..
####.....(.....##
....
.÷.#÷†...⌠......#
.>.#
##.'†...♣.♣♣♣...##
...
###....♣...♣....#
...
#....♣.⌠.♣....##.#
#....♣...♣....#..#
##...♣♣♣)♣...@'@#
#......⌠.....###
##...........#
##.........##
###......##
####'### #...#
##..### #.>..#


You could see Sigmund (fast).

Vanquished Creatures
  A necrophage (D:2)
  A worm (D:2)
  3 dart slugs (D:1)
  6 ball pythons
  6 bats
  2 endoplasms (D:1)
  A giant cockroach (D:1)
  2 hobgoblins (D:1)
  3 jackals (D:1)
  3 kobolds
  2 quokkas
  2 frilled lizards
  4 rats
36 creatures vanquished.

Notes
Turn   | Place    | Note
-------+----------+-------------------------------------------
     0 | D:1      | zeram the Octopode Enchanter began the quest for the Orb.
     0 | D:1      | Reached XP level 1. HP: 11/11 MP: 3/3
   353 | D:1      | Reached XP level 2. HP: 2/17 MP: 5/5
   794 | D:1      | Found a faded altar of an unknown god.
   848 | D:1      | Got the Compendium of the Escort
  1041 | D:1      | Reached XP level 3. HP: 21/21 MP: 6/6
  1056 | D:1      | Learned a level 2 spell: Ensorcelled Hibernation
  1060 | D:1      | Learned a level 3 spell: Tukima's Dance
  1086 | D:1      | Reached skill level 5 in Stealth
  1367 | D:2      | Noticed a necrophage
  1390 | D:2      | Killed a necrophage
  1391 | D:2      | Reached skill level 6 in Stealth
  1391 | D:2      | Reached XP level 4. HP: 15/27 MP: 7/7
  1391 | D:2      | Reached XP level 5. HP: 18/31 MP: 8/8
  1664 | D:2      | Noticed Sigmund
  1669 | D:2      | Slain by Sigmund

Illustrated notes

Levels and vault maps discovered:
D:1:      grunt_arrival_crossed_arrows, layout_basic,
          shapermc_ecumenical_altar_venn, minmay_quantized
D:2:      layout_basic, kennysheep_potato, uniq_sigmund

Skill      XL: |  1  2  3 |
---------------+----------+-----
Stealth        | 6 |  6.4
Short Blades   | 2 |  2.2
Dodging        | |  2.5
Spellcasting   | |  2.1
Hexes          | |  3.4

Action                   |  1- 3 |  4- 6 || total
-------------------------+-------+-------++-------
Melee: Dagger            |    67 |    11 ||    78
       Constrict         |    16 |     4 ||    20
       Tentacles         |    13 |       ||    13
       Punch             |     1 |       ||     1
 Cast: Ensorcelled Hiber |       |     5 ||     5
  Use: Potion            |     1 |       ||     1
       Scroll            |     1 |       ||     1
 Stab: Sleeping          |     9 |     2 ||    11
       Invisible         |     4 |       ||     4
Armor: Skin              |     8 |     1 ||     9
Dodge: Dodged            |    41 |     6 ||    47
